 Dungeon Crawl Stone Soup version 0.31-a0-361-g0f8bd3a31e (webtiles) character file.

Game seed: 6001629489685370747

598 AdnanSaban the Covered (level 7, -5/44 HPs)
             Began as a Gargoyle Fighter on July 27, 2023.
             Was an Initiate of Okawaru.
             Slain by a killer bee (7 damage)
             ... on level 5 of the Dungeon.
             The game lasted 00:03:41 (3598 turns).

AdnanSaban the Covered (Gargoyle Fighter)           Turns: 3598, Time: 00:03:42

Health: -5/44      AC: 22    Str: 22    XL:     7   Next: 40%
Magic:  7/7        EV:  8    Int:  8    God:    Okawaru [......]
Gold:   276        SH:  4    Dex:  9    Spells: 6/6 levels left

rFire   . . .        r - +2 flail (protect)
rCold   . . .        c - +0 buckler
rNeg    + . .        j - +0 chain mail
rPois   ∞            (no helmet)
rElec   +            (no cloak)
rCorr   .            (no gloves)
SInv    .            k - +0 pair of boots
Will    .....        (no amulet) Stlth
                     (no ring)
HPRegen 0.27/turn    (no ring)
MPRegen 0.10/turn

%: no passive effects
@: under a protective aura
A: sickness immunity, AC +4, negative energy resistance 1, electricity
resistance, torment resistance 1, petrification resistance
a: Renounce Religion


You were on level 5 of the Dungeon.
You worshipped Okawaru.
Okawaru was noncommittal.
You visited 2 branches of the dungeon, and saw 6 of its levels.

You collected 276 gold pieces.

Inventory:

Hand Weapons
 r - a +2 flail of protection (weapon)
Missiles
 n - 4 poisoned darts (quivered)
 v - a throwing net
Armour
 c - a +0 buckler (worn)
 j - a +0 chain mail (worn)
 k - a +0 pair of boots (worn)
Jewellery
 y - an amulet of guardian spirit
Wands
 w - a wand of polymorph (7)
Scrolls
 a - 2 scrolls of fear {unknown}
 b - 2 scrolls of blinking {unknown}
 e - 5 scrolls of identify {unknown}
 i - a scroll of acquirement {unknown}
 m - a scroll of revelation {unknown}
 o - a scroll of teleportation {unknown}
 q - a scroll of enchant weapon {unknown}
 t - a scroll of torment {unknown}
 u - a scroll of poison {unknown}
Potions
 d - a potion of might
 f - 3 potions of enlightenment {unknown}
 g - 2 potions of lignification {unknown}
 h - a potion of haste {unknown}
 l - 2 potions of curing {unknown}
 p - a potion of degeneration {unknown}
 s - a potion of mutation {unknown}
 x - 2 potions of magic {unknown}


   Skills:
 + Level 4.9 Fighting
 + Level 5.2 Maces & Flails
 + Level 5.3 Armour
 + Level 1.1 Dodging
 + Level 4.3 Shields


You had 6 spell levels left.
You didn't know any spells.
Your spell library contained the following spells:

 Spells                   Type           Power      Damage    Failure   Level
 Shock                    Conj/Air       0%         1d3       97%         1
 Swiftness                Air            0%         N/A       100%        3
 Airstrike                Air            0%         2d(0-16)  100%        4


Dungeon Overview and Level Annotations

Branches:
Dungeon (5/15)             Temple (1/1) D:4

Altars:
Cheibriados
Dithmenos
Fedhas
Gozag
Hepliaklqana
Kikubaaqudgha
Makhleb
Okawaru
Qazlal
Ru
Sif Muna
Vehumet
Wu Jian
Xom


Innate Abilities, Weirdness & Mutations

You are immune to sickness and miasma.
Your stone body is resilient. (AC +4)
You are immune to poison.
You resist negative energy. (rN+)
You are resistant to electric shocks. (rElec)
You are resistant to unholy torment.
You are immune to petrification.


Message History

You block the killer bee's attack.
You closely miss the killer bee. You block the killer bee's attack.
The killer bee stings you but does no damage.
You closely miss the killer bee. The killer bee barely misses you.
The killer bee stings you but does no damage. x2
You hit the killer bee.
Your weapon exudes an aura of protection.
The killer bee is moderately wounded.
The killer bee stings you but does no damage.
The killer bee barely misses you.
You hit the killer bee.
The killer bee is heavily wounded.
The killer bee closely misses you. You block the killer bee's attack.
The killer bee stings you but does no damage.
You hit the killer bee.
The killer bee is severely wounded.
You block the killer bee's attack. The killer bee barely misses you.
You barely miss the killer bee.
The killer bee is severely wounded.
You block the killer bee's attack. The killer bee barely misses you.
You miss the killer bee.
The killer bee is severely wounded.
The killer bee stings you but does no damage.
You block the killer bee's attack.
The killer bee stings you but does no damage.
You barely miss the killer bee.
The killer bee is heavily wounded.
The killer bee stings you but does no damage. x2
You barely miss the killer bee.
The killer bee is heavily wounded.
The killer bee stings you but does no damage. x3
You barely miss the killer bee.
The killer bee is heavily wounded.
The killer bee barely misses you. The killer bee stings you.
* * * LOW HITPOINT WARNING * * *
You hit the killer bee.
Your weapon exudes an aura of protection.
The killer bee is almost dead.
The killer bee stings you!
You die...

##..# #..#
##..######.##
##..........#
####....##.....##
.......#######..####
......## ##.##.#
.###..# ##..##
.###..# #.## ...#..#
#@# ......# #y#
##....# #y# ###..##
##y# ##..########.##
#............##
##..........##.#
##)))..(....#####
##....>.....##


You could see 3 killer bees.

Vanquished Creatures
  2 ogres (D:4)
  2 scorpions (D:4)
  A killer bee (D:5)
  A sleepcap (D:4)
  2 iguanas (D:5)
  Natasha (D:2)
  2 adders
  4 gnolls (D:5)
  An ufetubus (D:4)
  A worm (D:4)
  4 dart slugs
  12 orcs
  6 ball pythons
  3 bats
  4 endoplasms
  7 giant cockroaches
  5 hobgoblins
  9 jackals
  5 quokkas
  A frilled lizard (D:3)
  8 goblins
  A kobold (D:2)
  2 rats
84 creatures vanquished.

Notes
Turn   | Place    | Note
-------+----------+-------------------------------------------
     0 | D:1      | AdnanSaban the Gargoyle Fighter began the quest for the
                  | Orb.
     0 | D:1      | Reached XP level 1. HP: 14/14 MP: 1/1
   120 | D:1      | Reached XP level 2. HP: 19/19 MP: 2/2
   593 | D:2      | Reached XP level 3. HP: 20/23 MP: 3/3
   709 | D:2      | Found a faded altar of an unknown god.
  1064 | D:2      | Noticed Natasha
  1071 | D:2      | Killed Natasha
  1072 | D:2      | Reached XP level 4. HP: 11/29 MP: 4/4
  1666 | D:3      | Found a snail-covered altar of Cheibriados.
  1922 | D:4      | Noticed a scorpion
  1962 | D:4      | Killed a scorpion
  1963 | D:4      | Reached XP level 5. HP: 23/33 MP: 5/5
  2075 | D:4      | Noticed an ogre
  2085 | D:4      | Killed an ogre
  2086 | D:4      | Reached XP level 6. HP: 35/38 MP: 6/6
  2289 | D:4      | Reached skill level 5 in Armour
  2332 | D:4      | Found a staircase to the Ecumenical Temple.
  2378 | D:4      | Reached XP level 7. HP: 44/44 MP: 7/7
  2382 | Temple   | Entered the Ecumenical Temple
  2403 | Temple   | Became a worshipper of Warmaster Okawaru
  2658 | D:5      | Entered Level 5 of the Dungeon
  2670 | D:5      | Reached skill level 5 in Maces & Flails
  2722 | D:5      | Reached skill level 1 in Dodging
  2787 | D:5      | Found a hazy altar of Hepliaklqana.
  3586 | D:5      | HP: 1/44 [killer bee (2)]
  3597 | D:5      | HP: 2/44 [killer bee (3)]
  3598 | D:5      | Slain by a killer bee

Illustrated notes

Levels and vault maps discovered:
D:1:      psy_arrival_fountain, layout_rooms
D:2:      layout_loops_ring, ebering_ecumenical_altar_sacrificial, uniq_natasha
D:3:      layout_basic, chei_slow_surprise, nicolae_elevator_lobby_asterisk
D:4:      layout_loops_ring, temple_doors_e
D:5:      layout_layer_cave, mainiacjoe_overflow_six_doors_small
Temple:   nicolae_temple_slightly_damp_pantheon

Skill      XL: |  1  2  3  4  5  6  7 |
---------------+----------------------+-----
Armour         | 4 5 |  5.3
Maces & Flails | 3 4 5 |  5.2
Fighting       | 4 |  4.9
Shields        | 4 |  4.3
Dodging        | 1 |  1.1

Action                     |  1- 3 |  4- 6 |  7- 9 || total
---------------------------+-------+-------+-------++-------
  Melee: Flail             |   104 |   109 |    88 ||   301
 Armour: Scale mail        |    62 |       |       ||    62
         Chain mail        |    14 |    75 |    81 ||   170
  Dodge: Dodged            |    80 |    62 |    59 ||   201
  Block: Buckler           |    32 |    25 |    33 ||    90

Table legend: (Time is in decaauts)
 A = Elapsed time spent in this place.
 B = Non-inter-level travel time spent in this place.
 C = Inter-level travel time spent in this place.
 D = Time resting spent in this place.
 E = Time spent auto-exploring this place.
 F = Levels seen in this place.
 G = Mean time per level.
                   A        B        C        D        E       F      G
               +--------+--------+--------+--------+--------+-----+--------+
         Total |   3675 |   3440 |    235 |      0 |   2772 |   6 |  612.5 |
       Dungeon |   3633 |   3438 |    195 |      0 |   2772 |   5 |  726.6 |
        Temple |     42 |      2 |     40 |      0 |      0 |   1 |   42.0 |
               +--------+--------+--------+--------+--------+-----+--------+

Top non-repeatable levels by time:
     D:5: 955 daAuts
     D:2: 789 daAuts
     D:4: 718 daAuts
     D:3: 607 daAuts
     D:1: 562 daAuts
  Temple: 42 daAuts
